 Dungeon Crawl Stone Soup version 0.30.0-29-ga12c61a403 (webtiles) character file.

Game seed: 14316429097541087806

125 LynnLen the Sneak (level 4, -4/31 HPs)
             Began as a Spriggan Enchanter on June 20, 2023.
             Killed from afar by Natasha (10 damage)
             ... with a puff of flame
             ... on level 2 of the Dungeon.
             The game lasted 00:06:15 (1655 turns).

LynnLen the Sneak (Spriggan Enchanter)              Turns: 1655, Time: 00:06:16

Health: -4/31      AC:  2    Str:  4    XL:     4   Next: 82%
Magic:  6/10       EV: 17    Int: 18    God:
Gold:   43         SH:  0    Dex: 15    Spells: 1/9 levels left

rFire   . . .        a - +1 dagger
rCold   . . .        (no shield)
rNeg    . . .        b - +0 robe
rPois   .            (helmet restricted)
rElec   .            (no cloak)
rCorr   .            (gloves unavailable)
SInv    +            (boots unavailable)
Will    .....        (no amulet) Stlth
                     (no ring)
HPRegen 0.25/turn    (no ring)
MPRegen 0.12/turn

%: no passive effects
@: berserking, confusing by touch, attractive, invisible, very quick
A: very small, no large weapons, unfitting armour, see invisible, speed 3
a: no special abilities


You were on level 2 of the Dungeon.
You visited 1 branch of the dungeon, and saw 2 of its levels.

You collected 105 gold pieces.
You spent 62 gold pieces at shops.

Inventory:

Hand Weapons
 a - a +1 dagger (weapon)
Missiles
 e - 24 stones (quivered)
 p - 5 poisoned darts
Armour
 b - a +0 robe (worn)
Jewellery
 h - a ring of resist corrosion
 j - an amulet of guardian spirit
Scrolls
 g - a scroll of teleportation
 i - 2 scrolls of identify {unknown}
 k - a scroll of noise {unknown}
 n - a scroll of enchant armour {unknown}
Potions
 c - a potion of invisibility
 l - a potion of curing {unknown}
 m - a potion of resistance {unknown}
 o - a potion of haste {unknown}


   Skills:
 - Level 1.1 Short Blades
 - Level 2.6 Dodging
 + Level 6.8 Stealth
 + Level 3.4 Spellcasting
 + Level 5.0 Hexes


You had one spell level left.
You knew the following spells:

 Your Spells              Type           Power      Damage    Failure   Level
a - Ensorcelled Hibernat  Hex/Ice        24%        N/A       9%          2
b - Confusing Touch       Hex            21%        N/A       6%          3
c - Tukima's Dance        Hex            21%        N/A       6%          3

Your spell library contained the following spells:

 Spells                   Type           Power      Damage    Failure   Level
 Slow                     Hex            84%        N/A       1%          1
 Freeze                   Ice            12%        1d3       16%         1
 Dazzling Flash           Conj/Hex       24%        N/A       17%         3
 Passwall                 Tmut/Erth      2%         N/A       24%         2
 Ignite Poison            Fire/Tmut/Pois 3%         N/A       43%         3
 Swiftness                Air            3%         N/A       43%         3
 Vampiric Draining        Necr           3%         2d6       43%         3


Dungeon Overview and Level Annotations

Branches:
Dungeon (2/15)

Altars:

Shops:
D:2 :=*

Annotations:
D:2 Natasha, Robin


Innate Abilities, Weirdness & Mutations

You are very small and have problems with some larger weapons.
You are too small for most types of armour.
You have supernaturally acute eyesight. (SInv)
You cover ground extremely quickly. (Speed+++)


Message History

3 goblins and 2 hobgoblins come into view.
The goblin shouts! x2; You hear a shout! x2
Robin of the Strong Arm comes into view.
They are wielding a +0 short sword.
A hobgoblin comes into view.
You hear an angry hiss.
The goblin shouts!
You hear a shout! x2
Natasha zaps a wand.
The puff of flame misses you.
You see here a ball python corpse.
Something unseen opens the door.
You start waiting.
Natasha is nearby!
Natasha zaps a wand.
The puff of flame hits you!
Casting: Ensorcelled Hibernation (safe; 9% risk of failure)
Confirm with . or Enter, or press ? or * to list all spells.
Aiming: Ensorcelled Hibernation (safe; 9% risk of failure)
Press: ? - help, Shift-Dir - straight line, f - Natasha
Aim: Natasha, carrying a wand of flame (9) (chance to affect: 46%) Natasha looks drowsy...
Natasha hisses angrily.
You closely miss Natasha. Natasha barely misses you.
Casting: Ensorcelled Hibernation (safe; 9% risk of failure)
Confirm with . or Enter, or press ? or * to list all spells.
The spell is quite dangerous to miscast (6% risk of failure)!
Continue anyway?
Your hands begin to glow red.
Natasha claws you.
You barely miss Natasha. Natasha casts a spell at you. The magic dart hits you.
* * * LOW HITPOINT WARNING * * *
You closely miss Natasha. Natasha claws you.
* * * LOW HITPOINT WARNING * * *
You fade into invisibility!
Natasha closely misses you.
It was a potion of attraction.
You feel attractive to monsters. Natasha barely misses you.
It was a potion of berserk rage.
A red film seems to cover your vision as you go berserk!
You feel yourself moving faster!
You feel mighty!
Natasha zaps a wand.
The puff of flame hits you!
You die...

####....#......#
###....#......#
##.............#
##..########.####
#....# #.#
#####....#######.#
...........†...#.#
...............#.#
...............#@#
.........##'##.h.#
..h......##.##...#
.........##.##...#
.....######.##...#
............##...#
##################


You could see Natasha.

Vanquished Creatures
  Natasha (twice) (D:2)
  2 adders (D:2)
  2 worms (D:2)
  4 dart slugs (D:1)
  4 bats
  3 endoplasms
  2 giant cockroaches (D:1)
  4 goblins
  5 hobgoblins
  3 jackals (D:1)
  4 kobolds (D:1)
  2 quokkas
  4 ball pythons
  3 rats (D:1)
44 creatures vanquished.

Notes
Turn   | Place    | Note
-------+----------+-------------------------------------------
     0 | D:1      | LynnLen the Spriggan Enchanter began the quest for the Orb.
     0 | D:1      | Reached XP level 1. HP: 9/9 MP: 5/5
   148 | D:1      | Reached XP level 2. HP: 12/13 MP: 6/6
   319 | D:1      | Got the Incunable of Nauseating Congelation
   378 | D:1      | Reached skill level 5 in Stealth
   534 | D:1      | Learned a level 2 spell: Ensorcelled Hibernation
   578 | D:1      | Reached XP level 3. HP: 16/16 MP: 8/8
   582 | D:1      | Learned a level 3 spell: Confusing Touch
   586 | D:1      | Learned a level 3 spell: Tukima's Dance
  1012 | D:2      | Noticed Natasha
  1093 | D:2      | Found Nukk's Jewellery Shop.
  1141 | D:2      | Found Losoroh's Assorted Antiques.
  1154 | D:2      | Bought a scroll labelled JASYIBB IRIQIX for 31 gold pieces
  1154 | D:2      | Bought a scroll labelled MOM REUSUO for 31 gold pieces
  1225 | D:2      | Killed Natasha
  1226 | D:2      | Reached skill level 6 in Stealth
  1226 | D:2      | Reached XP level 4. HP: 21/21 MP: 4/9
  1324 | D:2      | Noticed Natasha
  1376 | D:2      | Killed Natasha
  1377 | D:2      | Reached skill level 5 in Hexes
  1487 | D:2      | Found Nehyocku's Book Shop.
  1522 | D:2      | Noticed Natasha
  1600 | D:2      | Noticed Robin
  1655 | D:2      | Killed from afar by Natasha

Illustrated notes

Levels and vault maps discovered:
D:1:      lordsloth_arrival_two_stooges, layout_rooms
D:2:      layout_basic, serial_shops, shop, shop, nicolae_book_shop_shelving,
          shop, uniq_robin, uniq_natasha

Skill      XL: |  1  2  3  4 |
---------------+-------------+-----
Hexes          | 4 5 |  5.0
Stealth        | 5 6 |  6.8
Spellcasting   | 3 |  3.4
Short Blades   | |  1.1
Dodging        | |  2.6

Action                     |  1- 3 |  4- 6 || total
---------------------------+-------+-------++-------
  Melee: Dagger            |   125 |    11 ||   136
   Cast: Ensorcelled Hiber |     2 |     8 ||    10
         Confusing Touch   |       |     1 ||     1
    Use: Scroll            |     1 |       ||     1
         Potion            |       |     3 ||     3
   Stab: Sleeping          |     8 |     6 ||    14
         Distracted        |     1 |       ||     1
 Armour: Robe              |    16 |       ||    16
  Dodge: Dodged            |    91 |     8 ||    99
